 Dungeon Crawl Stone Soup version 0.26.0-16-gc1dbca0489 (webtiles) character file.

Game seed: 14625016660444807641

7746 112233 the Grappler (level 11, -6/80 HPs)
             Began as an Octopode Fighter on Jan 17, 2021.
             Was an Initiate of Gozag.
             Mangled by a spark wasp (glowing shapeshifter) (12 damage)
             ... in a Gauntlet.
             The game lasted 00:12:49 (10535 turns).

112233 the Grappler (Octopode Fighter)             Turns: 10535, Time: 00:12:50

Health: -6/80      AC:  1    Str: 17    XL:     11   Next: 20%
Magic:  2/20       EV: 15    Int: 10    God:    Gozag
Gold:   971        SH: 15    Dex: 14    Spells: 2/10 levels left

rFire    + . .     SeeInvis +     - Unarmed
rCold    . . .     Faith    .   a - +0 kite shield
rNeg     . . .     Spirit   .   (helmet restricted)
rPois    +         Reflect  +   g - amulet of reflection
rElec    .         Harm     .   s - ring of magical power
rCorr    .         Rampage  .   H - ring of see invisible
Will     .....     NoTele   +   (no ring)
Stlth    ++........             (no ring)
HPRegen  0.63/turn              (no ring)
MPRegen  0.17/turn              (no ring)
                                (no ring)
                                (no ring)

@: brilliant, gold aura
A: almost no armour, stealthy swim, amphibious, 8 rings, constrict 8, camouflage
1, fire resistance 1, poison resistance, regeneration 1, wild magic 1,
gelatinous body 1, evolution 1
a: Renounce Religion, Potion Petition, Call Merchant, Bribe Branch


You were in a Gauntlet.
You worshipped Gozag.
Gozag was pleased with you.
You visited 2 branches of the dungeon, and saw 12 of its levels.
You also visited: Sewer and Gauntlet.

You collected 1638 gold pieces.
You spent 154 gold pieces at shops.
You paid 513 gold pieces to Gozag.

Inventory:

Missiles
 m - 55 poisoned darts (quivered)
Armour
 a - a +0 kite shield (worn)
Magical Staves
 B - an uncursed staff of fire {unknown}
Jewellery
 g - an amulet of reflection (around mantle)
 s - a ring of magical power (left tentacle)
 u - an uncursed amulet of magic regeneration
 v - an uncursed ring of ice
 H - a ring of see invisible (right tentacle)
Wands
 q - a wand of polymorph (7)
 t - a wand of random effects (15)
 w - a wand of paralysis (7)
 D - a wand of flame (25)
 E - a wand of iceblast (7)
Scrolls
 d - 5 scrolls of noise
 e - 5 scrolls of fear
 f - 6 scrolls of enchant weapon
 h - a scroll of magic mapping
 i - 3 scrolls of immolation
 k - 6 scrolls of amnesia
 l - 2 scrolls of identify {@r1}
 n - 7 scrolls of remove curse {@r2}
 p - 2 scrolls of blinking {unknown}
 y - 5 scrolls of teleportation {unknown}
 A - a scroll of enchant armour {unknown}
 C - a scroll of silence {unknown}
 F - a scroll of brand weapon {unknown}
Potions
 b - 2 potions of mutation
 c - a potion of brilliance
 j - a potion of degeneration
 r - a potion of flight {unknown}
 x - 2 potions of lignification {unknown}
 z - a potion of ambrosia {unknown}


   Skills:
 + Level 9.3 Fighting
 + Level 6.2 Dodging
 + Level 6.3 Shields
 * Level 12.2 Unarmed Combat


You had 2 spell levels left.
You knew the following spells:

 Your Spells              Type           Power        Failure   Level
a - Beastly Appendage     Tmut           0%           82%         1
b - Wereblood             Tmut           0%           91%         2
c - Blade Hands           Tmut           0%           100%        5

Your spell library contained the following spells:

 Spells                   Type           Power        Failure   Level
 Ensorcelled Hibernation  Hex/Ice        0%           91%         2
 Spider Form              Tmut/Pois      0%           99%         3
 Static Discharge         Conj/Air       0%           99%         3
 Ice Form                 Ice/Tmut       0%           100%        4
 Borgnjor's Vile Clutch   Necr/Erth      0%           100%        5
 Lightning Bolt           Conj/Air       0%           100%        5
 Silence                  Hex/Air        0%           100%        5
 Shadow Creatures         Summ           N/A          100%        6
 Ignition                 Fire           0%           100%        8
 Shatter                  Erth           0%           100%        9
 Tornado                  Air            0%           100%        9


Dungeon Overview and Level Annotations

Branches:
Dungeon (11/15)            Temple (1/1) D:4            Lair (0/6) D:11
  Sewer (visited)         Gauntlet (1/1)
    Orc: D:9-12

Altars:
Ashenzari
Cheibriados
Dithmenos
Fedhas
Gozag
Hepliaklqana
Kikubaaqudgha
Makhleb
Nemelex Xobeh
Okawaru
Qazlal
Ru
Trog
Uskayaw
Vehumet
Wu Jian
Xom
Yredelemnul
Zin
The Shining One

Shops:
D:4 (   D:5 !   D:8 }

Annotations:
D:6 1 runed translucent door Gauntlet 9 transporters, 3 runed translucent doors


Innate Abilities, Weirdness & Mutations

You cannot wear most types of armour.
You are very stealthy in the water. (Stealth+)
You are amphibious.
You can wear up to eight rings at the same time.
You can use your tentacles to constrict eight enemies at once.
Your skin changes colour to match your surroundings (Stealth+).
Your rubbery body absorbs attacks. (AC +1, EV +1)
Your flesh is heat resistant. (rF+)
Your system is resistant to poisons. (rPois)
Your natural rate of healing is unusually fast.
Your spells are a little harder to cast, but a little more powerful.
You evolve.


Message History

The lindwurm barely misses you.
Attack: -) Tentacles
Aim: a lindwurm shaped shifter (moderately wounded)
You bludgeon the lindwurm! You squeeze the lindwurm.
The shadow imp becomes distracted by your gold, dreaming of imaginary riches.
You block the lindwurm's attack. The lindwurm barely misses you.
The lindwurm claws you.
Unknown command.
Aiming: Paralyse
Aim: a lindwurm shaped shifter (severely wounded, chance to affect: 28%)
The lindwurm suddenly stops moving!
The merfolk changes into a wolf spider!
The helpless lindwurm fails to defend itself.
You batter the lindwurm!!
You kill the lindwurm!
The wolf spider changes into a spark wasp!
The spark wasp stings you!!
* * * LOW HITPOINT WARNING * * *
The spark wasp shocks you!
You die...
Your body crumbles into a pile of gold.

###≈###≈###≈###...........###≈###
≈#≈≈≈#≈≈≈#≈≈≈#..♣P.....P♣..#≈≈≈#≈
................P...∩...PP.......
..♣P.P♣P.P♣...♣P.........P♣...♣P.
.................................
.#########.#########.#########.##
.#.?.©(###.#[(#©#..#.#©#.#...#.#h
.#.###[###.#}.#.#..#.##!=#.#.#.#h
.#5##.^#.#.###''@..#.#.(.#.#.#.#.
.#5..©..2#.#..^.#y.#.####©.#.#.#.
.#2#^.##5#.#.##.#..#.#J....#.#.#
.###.###5#.#.##.#..#.#.####..#.#
.###.....#.#...©#..#.#.......#.#
.###################.###########
....#©....©....©#.......#©....©..
..♣.#############..P♣...#########
.PP...#..#©#|.#....PPP....####©##


You could see a spark wasp shaped shifter and a death ooze.

Vanquished Creatures
  A lindwurm (shapeshifter) (Gauntlet)
  An ugly thing (D:10)
  Joseph (D:7)
  A torpor snail (Gauntlet)
  A troll (D:10)
  Prince Ribbit (D:5)
  A wraith (D:11)
  3 yaks (Gauntlet)
  Grum (D:8)
  Duvessa (D:4)
  4 water moccasins
  4 orc warriors
  2 sky beasts
  A swamp drake (Temple)
  An ice beast (D:7)
  A black bear (D:10)
  An ice beast (shapeshifter) (Gauntlet)
  An eye of draining (shapeshifter) (Gauntlet)
  2 necrophages
  3 phantoms
  4 ogres
  2 wolves (D:8)
  6 centaurs
  8 bullfrogs
  2 water moccasin zombies
  A wyvern skeleton (D:6)
  Dowan (D:4)
  5 killer bees (D:8)
  An electric eel (D:10)
  9 howler monkeys
  A bullfrog zombie (D:9)
  2 quasits
  2 bullfrog skeletons
  2 jellies
  3 orc priests
  4 hounds
  3 orc wizards
  A centaur skeleton (D:6)
  3 worker ants
  2 iguanas
  A howler monkey zombie (D:9)
  A worker ant zombie (D:6)
  4 gnolls
  11 adders
  3 ufetubi
  An ooze (D:2)
  3 adder skeletons
  A worm (shapeshifter) (Gauntlet)
  A worm (D:5)
  2 dart slugs (D:1)
  3 leopard geckos
  25 orcs
  A ball python (D:1)
  6 giant cockroaches
  4 goblins
  6 hobgoblins
  6 jackals
  9 kobolds
  4 quokkas
  8 bats
  2 frilled lizards
  A quokka skeleton (D:5)
  7 rats
204 creatures vanquished.

Notes
Turn   | Place    | Note
-------+----------+-------------------------------------------
     0 | D:1      | 112233 the Octopode Fighter began the quest for the Orb.
     0 | D:1      | Reached XP level 1. HP: 16/16 MP: 1/1
   150 | D:2      | Reached XP level 2. HP: 21/21 MP: 2/2
   243 | D:2      | Found an ornate altar of the Wu Jian Council.
   270 | D:2      | Found a sparkling altar of Nemelex Xobeh.
   407 | D:2      | Reached skill level 3 in Unarmed Combat
   407 | D:2      | Reached XP level 3. HP: 20/26 MP: 3/3
  1363 | D:2      | Reached XP level 4. HP: 15/33 MP: 4/4
  2020 | D:3      | Found a shimmering altar of Xom.
  2305 | D:4      | Reached skill level 4 in Unarmed Combat
  2427 | D:4      | Reached XP level 5. HP: 28/37 MP: 5/5
  2531 | D:4      | Reached skill level 5 in Unarmed Combat
  2531 | D:4      | Reached XP level 6. HP: 14/44 MP: 6/6
  2816 | D:4      | Found a staircase to the Ecumenical Temple.
  2860 | D:4      | Noticed a swamp drake
  2860 | D:4      | an ogre changed into a swamp drake
  2863 | Temple   | Entered the Ecumenical Temple
  2881 | Temple   | Killed a swamp drake
  3092 | Temple   | Became a worshipper of Gozag Ym Sagoz the Greedy
  3243 | D:4      | Reached skill level 5 in Fighting
  3243 | D:4      | Reached skill level 6 in Unarmed Combat
  3304 | D:4      | Found a glowing silver altar of Zin.
  3304 | D:4      | Noticed an angel
  3332 | D:4      | Found a snail-covered altar of Cheibriados.
  3364 | D:4      | Found Zokhauto's Antique Weapon Shoppe.
  3559 | D:5      | Entered Level 5 of the Dungeon
  3559 | D:5      | Found Unlig's Distillery.
  3564 | D:5      | Bought a potion of heal wounds for 70 gold pieces
  3564 | D:5      | Bought a potion of heal wounds for 70 gold pieces
  3564 | D:5      | Bought a potion of degeneration for 14 gold pieces
  3584 | D:5      | Reached XP level 7. HP: 35/50 MP: 7/7
  3689 | D:5      | Noticed Prince Ribbit
  3701 | D:5      | Killed Prince Ribbit
  3770 | D:5      | Noticed Duvessa
  3770 | D:5      | Noticed Dowan
  3783 | D:5      | Found a glowing drain.
  3792 | Sewer    | Entered a sewer
  3866 | Sewer    | Reached skill level 7 in Unarmed Combat
  4433 | D:4      | Killed Dowan
  4437 | D:4      | Killed Duvessa
  4438 | D:4      | Reached XP level 8. HP: 8/57 MP: 8/8
  4931 | D:5      | Reached skill level 8 in Unarmed Combat
  5636 | D:6      | Noticed an angel
  5637 | D:6      | Found a glowing golden altar of the Shining One.
  5639 | D:6      | Found a runed translucent door.
  5911 | D:6      | Reached skill level 9 in Unarmed Combat
  6000 | D:6      | Found a burning altar of Makhleb.
  6199 | D:6      | Reached XP level 9. HP: 62/64 MP: 9/9
  6975 | D:7      | Noticed Joseph
  6979 | D:7      | Gained mutation: Your spells are a little harder to cast,
                  | but a little more powerful. [potion of mutation]
  6979 | D:7      | Gained mutation: You evolve. [potion of mutation]
  6979 | D:7      | Gained mutation: Your flesh is heat resistant. (rF+)
                  | [potion of mutation]
  6979 | D:7      | Gained mutation: Your natural rate of healing is unusually
                  | fast. [potion of mutation]
  6992 | D:7      | Killed Joseph
  6993 | D:7      | Reached skill level 10 in Unarmed Combat
  7478 | D:7      | Found a hazy altar of Hepliaklqana.
  7745 | D:8      | Reached XP level 10. HP: 72/72 MP: 10/10
  8092 | D:8      | Noticed Grum
  8099 | D:8      | Reached skill level 11 in Unarmed Combat
  8123 | D:8      | Killed Grum
  8198 | D:8      | Gained mutation: Your system is resistant to poisons.
                  | (rPois) [evolution]
  8392 | D:8      | Found Lipnu's Gadget Shop.
  8448 | D:8      | Reached skill level 5 in Shields
  8524 | D:8      | Reached skill level 5 in Dodging
  9142 | D:10     | Entered Level 10 of the Dungeon
  9268 | D:10     | Noticed a green ugly thing
  9278 | D:10     | Killed a green ugly thing
  9641 | D:10     | Learned a level 1 spell: Beastly Appendage
  9644 | D:10     | Learned a level 2 spell: Wereblood
  9650 | D:10     | Learned a level 5 spell: Blade Hands
  9907 | D:11     | Found a gate leading to a gauntlet.
  9911 | D:11     | Found a staircase to the Lair.
  9916 | Gauntlet | Entered a Gauntlet
  9916 | Gauntlet | Found a transporter.
  9916 | Gauntlet | Found a runed translucent door.
  9917 | Gauntlet | Found a runed translucent door.
  9923 | Gauntlet | Found a transporter.
  9925 | Gauntlet | Found a transporter.
  9930 | Gauntlet | Found a runed translucent door.
  9931 | Gauntlet | Noticed a smoke demon
  9932 | Gauntlet | Found a runed translucent door.
  9934 | Gauntlet | Found a transporter.
  9936 | Gauntlet | Found a transporter.
  9939 | Gauntlet | Noticed a hell hog
  9944 | Gauntlet | Found a transporter.
  9967 | Gauntlet | Noticed a death ooze
  9969 | Gauntlet | Found a transporter.
  9976 | Gauntlet | Found a transporter.
  9983 | Gauntlet | Found a runed translucent gate.
  9983 | Gauntlet | Found a runed translucent gate.
  9983 | Gauntlet | Found a runed translucent gate.
  9985 | Gauntlet | Noticed a black mamba
  9985 | Gauntlet | Noticed a reaper
  9986 | Gauntlet | Found a transporter.
 10010 | Gauntlet | Found a transporter.
 10021 | Gauntlet | Found a transporter.
 10022 | Gauntlet | Found a transporter.
 10022 | Gauntlet | Noticed a torpor snail
 10068 | Gauntlet | Found a transporter.
 10081 | Gauntlet | Noticed a shock serpent
 10081 | Gauntlet | a tarantella changed into a shock serpent
 10082 | Gauntlet | Found a transporter.
 10084 | Gauntlet | Noticed a glowing shapeshifter
 10084 | Gauntlet | a shock serpent changed into a glowing shapeshifter
 10085 | Gauntlet | Noticed a moth of wrath
 10085 | Gauntlet | a glowing shapeshifter changed into a moth of wrath
 10092 | Gauntlet | a moth of wrath changed into a tarantella
 10238 | Gauntlet | Reached XP level 11. HP: 70/80 MP: 11/11
 10240 | Gauntlet | Noticed a manticore
 10241 | Gauntlet | a manticore changed into a torpor snail
 10253 | Gauntlet | Reached skill level 12 in Unarmed Combat
 10480 | Gauntlet | Noticed a fire crab
 10480 | Gauntlet | a raiju changed into a fire crab
 10481 | Gauntlet | a fire crab changed into an elephant
 10498 | Gauntlet | Noticed a harpy
 10498 | Gauntlet | a yak changed into a harpy
 10499 | Gauntlet | Noticed a lindwurm
 10499 | Gauntlet | a yaktaur changed into a lindwurm
 10502 | Gauntlet | a harpy changed into a black mamba
 10503 | Gauntlet | Noticed a harpy
 10503 | Gauntlet | a rime drake changed into a harpy
 10506 | Gauntlet | a harpy changed into an eye of draining
 10508 | Gauntlet | Noticed an unseen horror
 10508 | Gauntlet | a yak changed into an unseen horror
 10514 | Gauntlet | an unseen horror changed into a troll
 10517 | Gauntlet | Noticed a lindwurm
 10517 | Gauntlet | a jumping spider changed into a lindwurm
 10528 | Gauntlet | a lindwurm changed into a merfolk
 10533 | Gauntlet | Noticed a wolf spider
 10533 | Gauntlet | a merfolk changed into a wolf spider
 10534 | Gauntlet | Killed a lindwurm
 10534 | Gauntlet | Noticed a spark wasp
 10534 | Gauntlet | a wolf spider changed into a spark wasp
 10535 | Gauntlet | Mangled by a spark wasp (glowing shapeshifter)

Illustrated notes

Levels and vault maps discovered:
D:1:      shiori_shiawase, layout_loops_cross
D:2:      layout_rooms, nzn_wu_jian_council_hall, nicolae_overflow_hidden_temple
D:3:      layout_rooms, xom_teletrap_fun
D:4:      layout_cave_pools, zin_angel, cheibriados_altar_1,
          minmay_temple_entry_butterflies, serial_shops, kennysheep_mini,
          dk_noncrumbling_3, minmay_misc_feat_alley, kennysheep_nondescript
D:5:      layout_rooms, cheibrodos_sewer_entry_drain, serial_shops,
          nicolae_shop_trees, kennysheep_nub, serial_park_tiny_2,
          uniq_prince_ribbit1, uniq_duvessa
D:6:      layout_loops_corners, overflow_temple_1_default, lemuel_angel_altar
D:7:      layout_basic, marbit_many_paths, uniq_joseph
D:8:      layout_cave_pools, serial_shops, shop, small_chamber_with_monster,
          serial_bayou_pond_d, uniq_grum
D:9:      layout_basic, minmay_fractal_squares_5
D:10:     cheibrodos_helix_gallery, layout_small_grid
D:11:     layout_roguey, lair_entry_dummy, gauntlet_entry_generic,
          minmay_fractal_squares_gapless_5
Temple:   regret_index_temple_sphere_string
Gauntlet: minmay_gauntlet_77_tree [minmay_gauntlet_arena_77_shame_cube,
          minmay_gauntlet_arena_77_braids, minmay_gauntlet_arena_77_cramped,
          minmay_gauntlet_arena_77_p_blocks,
          minmay_gauntlet_arena_77_run_for_it,
          minmay_gauntlet_arena_77_radiant_squares,
          minmay_gauntlet_arena_77_block_sizes,
          nicolae_gauntlet_exit_dead_adventurers]

Skill      XL: |  1  2  3  4  5  6  7  8  9 10 11 |
---------------+----------------------------------+-----
Unarmed Combat | 3 4 5 6 7 9 10 11 12 | 12.2
Fighting       | 4 5 7 8 9 |  9.3
Shields        | 4 5 6 |  6.3
Dodging        | 4 5 6 |  6.2

Action                   |  1- 3 |  4- 6 |  7- 9 | 10-12 || total
-------------------------+-------+-------+-------+-------++-------
Melee: Unarmed           |    76 |    84 |   242 |   224 ||   626
       Tentacles         |    18 |    15 |    41 |    48 ||   122
       Constrict         |    20 |    24 |    46 |    46 ||   136
       Punch             |     2 |     1 |    14 |    16 ||    33
Invok: Potion Petition   |       |       |     1 |       ||     1
Evoke: Wand              |       |     1 |       |    12 ||    13
  Use: Potion            |       |     8 |     8 |     3 ||    19
       Scroll            |       |       |     8 |     1 ||     9
 Stab: Sleeping          |     5 |     3 |     9 |     2 ||    19
       Distracted        |     1 |       |     2 |     2 ||     5
       Paralysed         |       |       |       |     5 ||     5
       Invisible         |       |       |       |     6 ||     6
Armor: Skin              |     3 |     2 |     6 |     3 ||    14
Dodge: Dodged            |    26 |    26 |    67 |    58 ||   177
Block: Kite shield       |    44 |    56 |   172 |   134 ||   406
       Reflection        |     4 |     1 |    14 |     6 ||    25
